Map: Disco Bloodbath LE

Players

Mez

  • Race: Terran Terran
  • League: Master
  • Spawn Location: 9:00

A.I. 1 (Very Easy) - Winner!

  • Race: Protoss Protoss
  • Spawn Location: 3:00

VOD

Have the link to the VOD?

Description

Time

  • Played on: Aug. 21, 2019, 11:41 a.m.
  • Length: 6:26
Show
View Real Time Build Order
Export as new Build Order

Mez Terran 

Build Orders: Reaper Expand 

Get SALT Encoding   

  6  0:00  SCV  
  13  0:12  SCV  
  14  0:17  Supply Depot  
  14  0:24  SCV  
  15  0:38  SCV  
  15  0:39  Barracks  
  16  0:47  Refinery  
  16  0:50  SCV  
  17  1:03  SCV  
  18  1:15  SCV  
  19  1:27  Orbital Command  
  19  1:30  Reaper  
  20  1:39  Command Center  
  20  1:48  Bunker  
  20  1:53  SCV  
  21  1:55  Supply Depot  
  21  2:05  Marine  
  21  2:06  SCV  
  23  2:19  SCV  
  24  2:23  Barracks Reactor  
  24  2:31  SCV  
  24  2:34  Command Center  
  25  2:43  SCV  
  26  2:47  Factory  
  27  2:54  Orbital Command  
  27  2:56  SCV  
  27  3:02  Refinery  
  27  3:04  Marine  
  28  3:06  Marine  
  28  3:08  SCV  
  30  3:20  SCV x2  
  30  3:23  Marine  
  30  3:24  Refinery, Marine  
  34  3:31  Widow Mine  
  34  3:32  SCV  
  34  3:33  SCV  
  38  3:34  Starport  
  38  3:43  Marine x2  
  38  3:44  SCV  
  38  3:45  SCV  
  42  3:49  Orbital Command  
  42  3:53  Factory Tech Lab  
  42  4:02  Marine x2  
  44  4:03  SCV x2  
  46  4:12  Starport Tech Lab  
  46  4:13  Siege Tank  
  46  4:15  SCV x2  
  46  4:16  SCV  
  52  4:19  Marine  
  52  4:20  Marine  
  52  4:24  Supply Depot  
  54  4:27  SCV x2  
  54  4:28  SCV  
  57  4:31  Raven  
  57  4:38  Barracks  
  59  4:39  Barracks, SCV x2  
  59  4:45  Siege Tank, Marine x2  
  63  4:50  Refinery, SCV  
  63  4:51  SCV  
  68  4:56  Supply Depot  
  68  4:58  SCV  
  68  4:59  Supply Depot  
  69  5:11  Engineering Bay  
  69  5:12  Engineering Bay  
  69  5:13  Orbital Command  
  69  5:18  SCV x2, Marine x2  
  73  5:26  Supply Depot  
  73  5:27  Barracks, Starport Reactor  
  73  5:28  Supply Depot  
  73  5:29  Barracks  
  73  5:30  SCV x2  
  73  5:32  Factory Reactor  
  74  5:37  Marine x2  
  76  5:45  SCV x3  
  76  5:47  Marauder  
  76  5:48  Marauder  
  83  5:58  SCV x3  
  86  6:07  Marine x2  
  86  6:10  SCV x2  
  100  6:12  SCV  
  101  6:26  Supply Depot  
Show
View Real Time Build Order
Export as new Build Order

A.I. 1 (Very Easy) Protoss - Winner!

Build Orders:  

Get SALT Encoding   

  6  0:00  Probe  
  13  0:13  Probe  
  14  0:19  Pylon  
  14  0:36  Assimilator  
  14  0:42  Gateway  
  14  0:46  Pylon  
  14  1:14  Assimilator  
  14  1:16  Probe  
  14  1:24  Probe  
  15  1:32  Cybernetics Core, Probe  
  17  1:42  Probe  
  18  1:54  Probe  
  18  1:58  Warp Gate  
  19  2:03  Probe  
  20  2:09  Stalker  
  22  5:25  Zealot  
  22  5:27  Probe  
  25  5:28  Pylon  
  25  5:31  Robotics Facility  
  25  5:35  Probe  
  26  5:43  Probe  
  27  5:53  Probe  
  28  5:59  Pylon  
  28  6:05  Probe  
  27  6:17  Zealot  
Tags
 
Add a new tag
Caveats
  • Supply blocks, unpowered buildings, or Contaminate may cause inaccurate times.
  • Supply counts are checked every 10 seconds.